 Dungeon Sprint DCSS version 0.24.1-14-gf8d2b509d9 (webtiles) character file.

Game seed: 7499196701114354430, levelgen mode: deterministic

9000000 Baz the Conqueror (level 27, -96/323 HPs)
             Began as a Troll Warper on Oct 3, 2020.
             Was the Champion of Makhleb.
             Annihilated by The Servant
             ... wielding a +9 glaive of flaming
              (144 damage)
             ... in the Dungeon (Sprint VIII: "Arena of Blood") on Oct 4, 2020.
             The game lasted 00:03:44 (90 turns).

Baz the Conqueror (Troll Warper)                      Turns: 90, Time: 00:03:44

Health: -96/323    AC:  8    Str: 27    XL:     27
Magic:  36/53      EV: 30    Int:  9    God:    Makhleb [******]
Gold:   0          SH:  0    Dex: 18    Spells: 80/80 levels left

rFire    . . .     SeeInvis .   b - +∞ Axe of Woe
rCold    . . .     Gourm    +   (shield currently unavailable)
rNeg     . . .     Faith    .   a - +0 robe
rPois    .         Spirit   .   (helmet restricted)
rElec    .         Reflect  .   (no cloak)
rCorr    .         Harm     .   (gloves unavailable)
MR       ++...     NoTele   +   (boots unavailable)
Stlth    +++++++++.             (no amulet)
HPRegen  1.03/turn              (no ring)
MPRegen  0.33/turn              (no ring)

@: drained
A: large, unfitting armour, claws 3, fast metabolism 3, gourmand, regeneration
1, shaggy fur 1, tough skin 3
a: Minor Destruction, Lesser Servant of Makhleb, Major Destruction, Greater
Servant of Makhleb, Renounce Religion


You were in the Dungeon.
You worshipped Makhleb.
Makhleb was exalted by your worship.
You were not hungry.

You visited 1 branch

Inventory:

Hand Weapons
 b - the +∞ Axe of Woe (weapon)
   (You found it in the Dungeon)
Missiles
 d - 5 boomerangs of dispersal (quivered)
Armour
 a - a +0 robe (worn)
Scrolls
 c - 2 scrolls of blinking
Potions
 e - a potion of curing
 g - a potion of heal wounds
 h - a potion of haste
 i - 2 potions of magic
 j - a potion of berserk rage
Comestibles
 f - 2 rations


   Skills:
 O Level 27(25.5) Fighting
 O Level 27(25.5) Axes
 O Level 27(25.5) Throwing
 O Level 27(25.5) Armour
 O Level 27(25.5) Dodging
 O Level 27(25.5) Stealth
 O Level 27(25.5) Unarmed Combat
 O Level 27(25.5) Spellcasting
   Level 2.1(1.3) Translocations
 O Level 27(25.5) Invocations


You had 80 spell levels left.
You didn't know any spells.
Your spell library contained the following spells:

 Spells                   Type           Power        Failure   Level  Hunger
 Blink                    Tloc           N/A          2%          2    None
 Shroud of Golubria       Chrm/Tloc      ##....       3%          2    None
 Gell's Gravitas          Tloc           ##........   4%          3    None
 Lesser Beckoning         Tloc           ##........   4%          3    None
 Teleport Other           Tloc           ##......     4%          3    None
 Passage of Golubria      Tloc           N/A          17%         4    #......


Dungeon Overview and Level Annotations

Branches:
Dungeon (1/1)

Altars:
Makhleb

Annotations:
D The Servant


Innate Abilities, Weirdness & Mutations

You are too large for most types of armour.
You have claws for hands.
Your metabolism is lightning-fast.
You like to eat raw meat.
Your natural rate of healing is unusually fast.
You are covered in fur. (AC +1)
You have extremely tough skin. (AC +3)


Message History

The eight-headed meat hydra convulses!
The Servant convulses!
Your body is wracked with pain!
A bolt of negative energy appears from out of thin air!
Deactivating autopickup; reactivate with Ctrl-A.
The bolt of negative energy hits you!!!
You feel drained.
* * * LOW HITPOINT WARNING * * *
The tyrant mumbles some strange words.
Unknown command.
Unknown command.
Unknown command.
Unknown command.
Unknown command.
You aren't carrying any items that you can evoke.
Unknown command.
Unknown command.
You hear a shout! x4
A meat beast comes into view.
You hear a shout!
The Servant hits you with a +9 glaive of flaming!!!!!
You die...

.......))).V).###......
..XL.X.))###.......###.
.....X.))))#.......#
..XXXD..)))#....W..#
.#....)))))........
#.#.#))))).........
.#.#...))%.%.......
#.#.#..@)))....2..
O#.#....@#.){.....
.........%.)%.....
##....%..##%#%.....
##........%.......
....####....#..... #...
.......... ##
.......... .......=...


You could see 2 tentacled monstrosities, a meat beast (wandering), a tyrant, The
Servant, an eight-headed meat hydra, 4 large abominations and a dread.

Vanquished Creatures
  6 hell beasts (D)
  2 wraiths (D)
  16 vampire knights (D)
  5 two-headed ogres (D)
  5 liches (D)
  56 orcs (D)
  3 phantoms (D)
  3 skeletal warriors (D)
  4 large abominations (D)
  6 small abominations (D)
  4 crawling corpses (D)
  22 ogres (D)
132 creatures vanquished.

Vanquished Creatures (others)
  A crawling corpse (D)
1 creature vanquished.

Grand Total: 133 creatures vanquished

Notes
Turn   | Place    | Note
-------+----------+-------------------------------------------
     0 | D        | Found the +∞ Axe of Woe
     0 | D        | Baz the Troll Warper began the quest for the Orb.
     0 | D        | Reached XP level 1. HP: 19/19 MP: 1/1
     2 | D        | Noticed a bag of meat
     3 | D        | Noticed a meat berserker
     3 | D        | Noticed a bag of meat
     4 | D        | Became a worshipper of Makhleb the Destroyer
     6 | D        | Killed a meat berserker
     6 | D        | Reached XP level 2. HP: 65/65 MP: 2/2
     6 | D        | Reached XP level 3. HP: 74/74 MP: 3/3
     6 | D        | Reached XP level 4. HP: 83/83 MP: 4/4
     6 | D        | Reached XP level 5. HP: 91/91 MP: 5/5
     6 | D        | Reached XP level 6. HP: 101/101 MP: 6/6
     6 | D        | Reached XP level 7. HP: 109/109 MP: 7/7
     6 | D        | Reached XP level 8. HP: 118/118 MP: 8/8
     6 | D        | Reached XP level 9. HP: 127/127 MP: 9/9
     6 | D        | Reached XP level 10. HP: 136/136 MP: 10/10
     6 | D        | Reached XP level 11. HP: 145/145 MP: 11/11
     6 | D        | Reached XP level 12. HP: 154/154 MP: 12/12
     6 | D        | Reached XP level 13. HP: 162/162 MP: 13/13
     6 | D        | Noticed a bag of meat
     7 | D        | Killed a bag of meat
     7 | D        | Reached * piety under Makhleb
     7 | D        | Noticed a bag of meat
     8 | D        | Killed a bag of meat
     8 | D        | Reached XP level 14. HP: 182/182 MP: 14/14
     8 | D        | Noticed a bag of meat
     9 | D        | Killed a bag of meat
    10 | D        | Noticed a bag of meat
    10 | D        | Noticed a bag of meat
    11 | D        | Killed a bag of meat
    11 | D        | Reached ** piety under Makhleb
    11 | D        | Reached XP level 15. HP: 196/196 MP: 15/15
    12 | D        | Noticed a meat berserker
    14 | D        | Noticed a meat berserker
    16 | D        | Noticed a meat berserker
    16 | D        | Noticed a meat berserker
    16 | D        | Noticed a destroyer
    18 | D        | Reached *** piety under Makhleb
    18 | D        | Reached XP level 16. HP: 215/215 MP: 16/16
    19 | D        | Noticed a destroyer
    19 | D        | Noticed a meat berserker
    19 | D        | Killed a meat berserker
    19 | D        | Reached skill level 27 in Fighting
    19 | D        | Reached skill level 27 in Axes
    19 | D        | Reached XP level 17. HP: 226/226 MP: 17/17
    19 | D        | Noticed a destroyer
    20 | D        | Killed a meat berserker
    20 | D        | Reached **** piety under Makhleb
    20 | D        | Reached skill level 15 in Stealth
    21 | D        | Reached XP level 18. HP: 236/236 MP: 18/18
    21 | D        | Killed a meat berserker
    21 | D        | Reached ***** piety under Makhleb
    21 | D        | Reached XP level 19. HP: 245/245 MP: 19/19
    22 | D        | Noticed a large bag of meat
    22 | D        | Killed a meat berserker
    22 | D        | Reached skill level 27 in Dodging
    22 | D        | Noticed a meat berserker
    23 | D        | Noticed a meat berserker
    23 | D        | Noticed a meat berserker
    24 | D        | Reached XP level 20. HP: 256/256 MP: 20/20
    24 | D        | Reached skill level 27 in Stealth
    24 | D        | Reached skill level 5 in Spellcasting
    24 | D        | Noticed a large bag of meat
    24 | D        | Noticed a meat berserker
    25 | D        | Noticed a large bag of meat
    26 | D        | Reached ****** piety under Makhleb
    26 | D        | Reached skill level 10 in Unarmed Combat
    26 | D        | Reached skill level 10 in Armour
    27 | D        | Reached XP level 21. HP: 265/265 MP: 20/33
    28 | D        | Killed a large bag of meat
    28 | D        | Reached skill level 15 in Throwing
    28 | D        | Reached skill level 15 in Invocations
    28 | D        | Reached skill level 15 in Armour
    29 | D        | Noticed a large bag of meat
    30 | D        | Reached XP level 22. HP: 275/275 MP: 21/39
    30 | D        | Killed a destroyer
    30 | D        | Reached skill level 15 in Spellcasting
    30 | D        | Reached XP level 23. HP: 284/284 MP: 21/43
    32 | D        | Reached skill level 27 in Unarmed Combat
    33 | D        | Reached skill level 27 in Throwing
    33 | D        | Reached skill level 27 in Invocations
    33 | D        | Reached XP level 24. HP: 295/295 MP: 21/46
    34 | D        | Killed a large bag of meat
    34 | D        | Reached skill level 27 in Armour
    35 | D        | Killed a destroyer
    35 | D        | Reached skill level 27 in Spellcasting
    35 | D        | Killed a destroyer
    35 | D        | Reached XP level 25. HP: 304/304 MP: 22/53
    36 | D        | Noticed a destroyer
    36 | D        | Noticed a destroyer
    37 | D        | Noticed a large bag of meat
    37 | D        | Noticed a destroyer
    38 | D        | Killed a large bag of meat
    39 | D        | Noticed a destroyer
    40 | D        | Killed a large bag of meat
    40 | D        | Reached XP level 26. HP: 189/314 MP: 23/53
    42 | D        | Killed a destroyer
    43 | D        | Noticed a destroyer
    43 | D        | Killed a destroyer
    44 | D        | Reached XP level 27. HP: 323/323 MP: 24/53
    44 | D        | Killed a large bag of meat
    45 | D        | Killed a destroyer
    45 | D        | Noticed a destroyer
    46 | D        | Killed a destroyer
    51 | D        | Noticed a tyrant
    53 | D        | Killed a destroyer
    54 | D        | Noticed a destroyer
    54 | D        | Noticed a destroyer
    54 | D        | Noticed a destroyer
    55 | D        | Noticed a tyrant
    55 | D        | Killed a tyrant
    56 | D        | Killed a destroyer
    57 | D        | Noticed a destroyer
    58 | D        | Noticed a destroyer
    59 | D        | Noticed a destroyer
    60 | D        | Killed a destroyer
    61 | D        | Killed a destroyer
    61 | D        | Killed a destroyer
    62 | D        | Noticed a dread
    62 | D        | Noticed a tyrant
    62 | D        | Noticed a tyrant
    64 | D        | Killed a destroyer
    65 | D        | Noticed a meat beast
    65 | D        | Killed a tyrant
    68 | D        | Killed a meat beast
    68 | D        | Killed a destroyer
    70 | D        | Noticed a dread
    70 | D        | Killed a dread
    70 | D        | Killed a destroyer
    71 | D        | Noticed a meat beast
    73 | D        | Noticed a meat beast
    74 | D        | Killed a tyrant
    75 | D        | Noticed The Servant
    75 | D        | Noticed a tyrant
    76 | D        | Killed a meat beast
    77 | D        | Killed a meat beast
    78 | D        | Noticed a meat beast
    78 | D        | Killed a dread
    79 | D        | Killed a tyrant
    81 | D        | Noticed a meat beast
    81 | D        | Noticed a destroyer
    82 | D        | Killed a meat beast
    83 | D        | Killed a tyrant
    83 | D        | Noticed a dread
    84 | D        | Killed a destroyer
    85 | D        | Noticed a meat beast
    86 | D        | Killed a meat beast
    87 | D        | Noticed a tyrant
    89 | D        | Killed a meat beast
    90 | D        | Noticed a meat beast
    90 | D        | Annihilated by The Servant

Levels and vault maps discovered:
D:        meatsprint

Skill      XL: |  1  2  3  4  5  6  7  8  9 10 11 12 13 14 15 16 17 18 19 20 21 22 23 24 |
---------------+-------------------------------------------------------------------------+-----
Fighting       | 19 22 24 26 27 | 27.0
Axes           | 19 22 24 26 27 | 27.0
Dodging        | 14 21 25 27 | 27.0
Stealth        | 11 16 20 26 27 | 27.0
Throwing       | 12 19 22 27 | 27.0
Armour         | 11 18 21 25 27 | 27.0
Unarmed Combat | 13 21 24 27 | 27.0
Spellcasting   | 9 14 17 20 27 | 27.0
Invocations    | 12 19 22 27 | 27.0
Translocations | |  2.1

Action                   |  1- 3 |  4- 6 |  7- 9 | 10-12 | 13-15 | 16-18 | 19-21 | 22-24 | 25-27 || total
-------------------------+-------+-------+-------+-------+-------+-------+-------+-------+-------++-------
Melee: Executioner's axe |     1 |       |       |       |     6 |     3 |     8 |     5 |    44 ||    67
Armor: Robe              |       |       |       |       |       |       |       |       |     1 ||     1
Dodge: Dodged            |       |       |       |       |       |       |     1 |       |     7 ||     8
